 Dungeon Crawl Stone Soup version 0.29-a0-362-g5854e031c7 (webtiles) character file.

Game seed: 14652721394281590780

10008 siradein the Ruffian (level 11, 0/107 HPs)
             Began as a Troll Fighter on Apr 29, 2022.
             Was an Elder of Nemelex Xobeh.
             Slain by a wyvern (6 damage)
             ... on level 10 of the Dungeon.
             The game lasted 01:10:19 (11367 turns).

siradein the Ruffian (Troll Fighter)               Turns: 11367, Time: 01:10:19

Health: 0/107      AC:  8    Str: 30    XL:     11   Next: 30%
Magic:  14/14      EV: 10    Int:  4    God:    Nemelex Xobeh [****..]
Gold:   638        SH:  8    Dex:  9    Spells: 10/10 levels left

rFire   . . .      SeeInvis +     - Unarmed
rCold   . . .      Faith    .   b - +0 kite shield
rNeg    . . .      Spirit   .   a - +0 robe
rPois   .          Reflect  .   (helmet restricted)
rElec   .          Harm     .   (no cloak)
rCorr   .          Rampage  .   (gloves unavailable)
Will    .....                   (boots unavailable)
Stlth   +.........              M - amulet of regeneration
HPRegen 1.87/turn               G - +4 ring of protection
MPRegen 0.14/turn               E - ring of see invisible

@: no status effects
A: large, unfitting armour, claws 3, regeneration 1, shaggy fur 1, tough skin 1
a: Renounce Religion, Draw Escape, Draw Destruction, Draw Summoning, Triple
Draw, Deal Four


You were on level 10 of the Dungeon.
You worshipped Nemelex Xobeh.
Nemelex Xobeh was greatly pleased with you.
You visited 1 branch of the dungeon, and saw 10 of its levels.
You also visited: Bailey.

You collected 638 gold pieces.

Inventory:

Missiles
 d - 323 stones
 k - 2 throwing nets (quivered)
 t - 3 javelins
 v - 6 silver javelins
 D - 7 boomerangs of dispersal
 I - 12 poisoned darts
 R - 3 atropa-tipped darts
Armour
 a - a +0 robe (worn)
 b - a +0 kite shield (worn)
Jewellery
 i - a ring of magical power
 E - a ring of see invisible (right claw)
 G - a +4 ring of protection (left claw)
 M - an amulet of regeneration (around neck)
 N - a +6 ring of strength
 P - a ring of magical power
 S - a ring of wizardry
 U - an amulet of faith
Wands
 e - a wand of iceblast (11)
 q - a wand of charming (6)
 H - a wand of paralysis (18)
 Q - a wand of flame (2)
Scrolls
 c - 4 scrolls of amnesia
 g - a scroll of enchant armour
 l - a scroll of summoning {unknown}
 p - a scroll of holy word {unknown}
 r - 6 scrolls of teleportation
 s - 2 scrolls of vulnerability {unknown}
 y - 2 scrolls of fog {unknown}
 A - 3 scrolls of torment {unknown}
 C - a scroll of blinking {unknown}
 F - a scroll of enchant weapon {unknown}
 J - a scroll of fear {unknown}
 L - a scroll of immolation {unknown}
 T - 2 scrolls of identify
Potions
 f - 2 potions of attraction
 h - 2 potions of heal wounds {unknown}
 j - 4 potions of flight
 m - a potion of resistance
 n - 3 potions of haste
 o - 3 potions of cancellation {unknown}
 u - a potion of lignification {unknown}
 w - 4 potions of curing {unknown}
 x - 2 potions of magic {unknown}
 z - a potion of might
 B - a potion of brilliance {unknown}
 O - a potion of ambrosia {unknown}
Miscellaneous
 K - a box of beasts


   Skills:
 + Level 6.6 Fighting
 + Level 6.5 Throwing
 + Level 6.8 Dodging
 + Level 6.7 Shields
 + Level 7.6 Unarmed Combat
 + Level 6.3 Invocations


You had 10 spell levels left.
You didn't know any spells.
Your spell library contained the following spells:

 Spells                   Type           Power      Damage    Failure   Level
 Magic Dart               Conj           0%         1d3       75%         1
 Call Imp                 Summ           0%         N/A       87%         2
 Corpse Rot               Necr/Air       0%         N/A       87%         2
 Ensorcelled Hibernation  Hex/Ice        0%         N/A       87%         2
 Passwall                 Tmut/Erth      0%         N/A       87%         2
 Poisonous Vapours        Pois/Air       0%         N/A       87%         2
 Searing Ray              Conj           0%         2d4       87%         2
 Mephitic Cloud           Conj/Pois/Air  0%         N/A       98%         3
 Swiftness                Air            0%         N/A       98%         3
 Fulminant Prism          Conj/Hex       0%         3d6       100%        4


Dungeon Overview and Level Annotations

Branches:
Dungeon (10/15)            Temple (0/1) D:5            Lair (0/6) D:8
    Orc (0/2) D:9          Bailey (visited)

Altars:
Ashenzari
Cheibriados
Dithmenos
Kikubaaqudgha
Nemelex Xobeh
Qazlal
Ru
Sif Muna
Uskayaw
Xom
Yredelemnul
Zin
The Shining One

Shops:
D:1 :   D:9 (

Annotations:
D:7 4 runed translucent doors
D:10 Erica


Innate Abilities, Weirdness & Mutations

You are too large for most types of armour.
You have claws for hands.
Your natural rate of healing is unusually fast.
You are covered in fur. (AC +1)
You have tough skin. (AC +1)


Message History

* * * LOW HITPOINT WARNING * * *
The vampire mosquito draws strength from your injuries!
The vampire mosquito bites you.
* * * LOW HITPOINT WARNING * * *
The vampire mosquito draws strength from your injuries!
The vampire mosquito barely misses you.
You block the vampire mosquito's attack.
You block the vampire mosquito's attack.
The vampire mosquito attacks as you move away!
The vampire mosquito bites you!
* * * LOW HITPOINT WARNING * * *
The vampire mosquito draws strength from your injuries!
The vampire mosquito closely misses you.
You block the vampire mosquito's attack.
The vampire mosquito barely misses you.
The vampire mosquito attacks as you move away!
The vampire mosquito bites you.
* * * LOW HITPOINT WARNING * * *
The vampire mosquito draws strength from your injuries!
The vampire mosquito closely misses you.
The vampire mosquito completely misses you.
The vampire mosquito attacks as you move away!
The vampire mosquito barely misses you.
The yak bellows!
The vampire mosquito bites you!
* * * LOW HITPOINT WARNING * * *
The vampire mosquito draws strength from your injuries!
There is a sacrificial altar of Ru here.
The wyvern attacks as you move away! The wyvern bites you!
* * * LOW HITPOINT WARNING * * *
You block the vampire mosquito's attack.
The yak gores you.
* * * LOW HITPOINT WARNING * * *
The vampire mosquito bites you.
* * * LOW HITPOINT WARNING * * *
The vampire mosquito draws strength from your injuries!
The wyvern completely misses you. The wyvern attacks as you move away!
The wyvern bites you.
You die...
Your body glows with a rainbow of weird colours and disappears.

.## ##### ..# ......
######.######
......###z..Y.......#
........#Y####.####.#
........#.#.......#.#
........#.#.##Y##.#.#
#.......#.#.#..Y#.#.###
...........zY._y@.....##### #####
........#.#.#..l#.#.#.#...###..##
.#......#.#.##.##.#.#.......#....
........#.#.......#.#...#..###...
........#.####.####.#z.##..###...
....#...#.. ... ..#.###....#...
........### #.# ###Y........#..
.......## ... #.........#..
.#...### ....##............


You could see 3 yaks, a wyvern, a vampire mosquito and a wight.

Vanquished Creatures
  A two-headed ogre (D:6)
  Pikel (D:3)
  A gargoyle (D:10)
  3 trolls
  A slime creature (D:7)
  2 vampires (D:9)
  Eustachio (D:5)
  2 wyverns
  4 yaks
  A wraith (D:7)
  2 vampire mosquitoes (D:10)
  Menkaure (D:5)
  2 acid dragons
  Duvessa (D:4)
  3 water moccasins
  2 ice beasts
  4 orc warriors
  3 centaurs
  8 wolves
  2 ogres
  2 lemures (D:3)
  A phantom (D:3)
  2 kobold brigands
  2 bullfrogs (D:7)
  7 gnoll sergeants (Bailey)
  2 necrophages
  2 scorpions
  5 wights
  Dowan (D:4)
  15 killer bees
  6 howler monkeys
  2 electric eels (D:8)
  9 hounds
  4 jellies
  4 orc priests
  4 iguanas
  9 gnoll shamans
  An iron imp (D:6)
  9 orc wizards
  21 gnolls
  5 adders
  2 white imps
  2 ufetubi
  A worm (D:3)
  3 dart slugs
  32 orcs
  5 bats
  4 endoplasms
  A giant cockroach (D:1)
  6 hobgoblins
  11 jackals
  7 ball pythons
  A frilled lizard (D:1)
  8 goblins
  12 kobolds
  5 rats
258 creatures vanquished.

Vanquished Creatures (collateral kills)
  An electric eel (D:8)
1 creature vanquished.

Grand Total: 259 creatures vanquished

Notes
Turn   | Place    | Note
-------+----------+-------------------------------------------
     0 | D:1      | siradein the Troll Fighter began the quest for the Orb.
     0 | D:1      | Reached XP level 1. HP: 22/22 MP: 0/0
   348 | D:1      | Reached XP level 2. HP: 27/29 MP: 1/1
   610 | D:1      | Found Vaesmok's Book Shoppe.
   845 | D:2      | Found a shimmering altar of Xom.
   964 | D:2      | Reached XP level 3. HP: 36/36 MP: 2/2
   986 | D:2      | Found a faded altar of an unknown god.
  1971 | D:3      | Found a sparkling altar of Nemelex Xobeh.
  1975 | D:3      | Became a worshipper of Nemelex Xobeh the Trickster
  2109 | D:3      | Reached XP level 4. HP: 37/44 MP: 3/3
  2494 | D:3      | Found a broken altar of Ashenzari.
  2498 | D:3      | Saw a vision of the Shoals and the Spider Nest.
  2498 | D:3      | Noticed a centaur
  2498 | D:3      | Noticed a centaur
  2498 | D:3      | Noticed a centaur
  2498 | D:3      | Noticed a sea snake
  2498 | D:3      | Noticed a sea snake
  2498 | D:3      | Noticed a wind drake
  2498 | D:3      | Noticed a merfolk siren
  2498 | D:3      | Noticed a redback
  2498 | D:3      | Noticed a wolf spider
  2498 | D:3      | Noticed a wolf spider
  2498 | D:3      | Noticed a redback
  2498 | D:3      | Noticed a redback
  2498 | D:3      | Noticed a sea snake
  2499 | D:3      | Noticed a sea snake
  2501 | D:3      | Noticed a wolf spider
  2581 | D:4      | Noticed an ogre
  2611 | D:4      | Reached XP level 5. HP: 53/53 MP: 4/4
  2617 | D:4      | Reached skill level 3 in Unarmed Combat
  2638 | D:4      | Noticed a phantom
  2646 | D:3      | Killed a phantom
  2647 | D:3      | Reached skill level 1 in Throwing
  2647 | D:3      | Reached skill level 1 in Invocations
  2779 | D:4      | Reached XP level 6. HP: 59/61 MP: 6/6
  3088 | D:4      | Noticed Dowan
  3088 | D:4      | Noticed Duvessa
  3111 | D:4      | Killed Duvessa
  3112 | D:4      | Reached XP level 7. HP: 43/67 MP: 7/7
  3121 | D:4      | Killed Dowan
  3258 | D:4      | Reached * piety under Nemelex Xobeh
  3309 | D:4      | Noticed Pikel
  3455 | D:3      | Killed Pikel
  3456 | D:3      | Reached skill level 4 in Unarmed Combat
  3456 | D:3      | Reached XP level 8. HP: 11/78 MP: 7/9
  3525 | D:4      | Found a glowing silver altar of Zin.
  3582 | D:5      | Entered Level 5 of the Dungeon
  3678 | D:5      | Found a staircase to the Ecumenical Temple.
  3709 | D:5      | Found a stormy altar of Qazlal.
  4168 | D:5      | Found an ancient bone altar of Kikubaaqudgha.
  4177 | D:5      | Noticed Eustachio
  4261 | D:5      | Killed Eustachio
  4348 | D:5      | Received a gift from Nemelex Xobeh
  4355 | D:5      | Noticed Menkaure
  4358 | D:5      | Killed Menkaure
  4701 | D:5      | Found a glowing golden altar of the Shining One.
  4703 | D:5      | Noticed an angel
  4748 | D:5      | Reached skill level 5 in Unarmed Combat
  4757 | D:5      | Found a basalt altar of Yredelemnul.
  5083 | D:6      | Received a gift from Nemelex Xobeh
  5117 | D:6      | Noticed a two-headed ogre
  5123 | D:6      | Killed a two-headed ogre
  5124 | D:6      | Reached XP level 9. HP: 44/87 MP: 11/11
  5184 | D:6      | Reached ** piety under Nemelex Xobeh
  5356 | D:6      | Found a hide-covered altar of Uskayaw.
  5789 | D:6      | Found a snail-covered altar of Cheibriados.
  5799 | D:6      | Reached skill level 5 in Dodging
  5850 | D:7      | Reached skill level 5 in Shields
  6063 | D:7      | Found a large runed translucent door.
  6063 | D:7      | Found a large runed translucent door.
  6126 | D:7      | Found a large runed translucent door.
  6127 | D:7      | Found a large runed translucent door.
  6167 | D:7      | Reached skill level 5 in Fighting
  6558 | D:7      | Found a shimmering blue altar of Sif Muna.
  6744 | D:7      | Reached skill level 6 in Unarmed Combat
  7103 | D:8      | Found a flagged portal.
  7113 | Bailey   | Entered a bailey
  7224 | Bailey   | Reached skill level 5 in Throwing
  7386 | Bailey   | Reached XP level 10. HP: 73/96 MP: 12/12
  7453 | Bailey   | Reached skill level 5 in Invocations
  8694 | D:8      | Identified the +1 long sword of Absolution {freeze, *Rage
                  | rC+ rN++}
  9111 | D:8      | Found a staircase to the Lair.
  9311 | D:8      | Reached *** piety under Nemelex Xobeh
  9415 | D:8      | Reached skill level 7 in Unarmed Combat
  9478 | D:8      | Received a gift from Nemelex Xobeh
  9609 | D:9      | Found Sikoeh's Weapon Shop.
  9609 | D:9      | Found a staircase to the Orcish Mines.
 10471 | D:9      | Reached XP level 11. HP: 85/105 MP: 14/14
 10594 | D:9      | Received a gift from Nemelex Xobeh
 10680 | D:9      | Found a shadowy altar of Dithmenos.
 10998 | D:10     | Entered Level 10 of the Dungeon
 11103 | D:10     | Found a sacrificial altar of Ru.
 11152 | D:10     | Reached **** piety under Nemelex Xobeh
 11231 | D:10     | Noticed Erica
 11365 | D:10     | HP: 4/107 [wyvern (15)]
 11367 | D:10     | Slain by a wyvern

Illustrated notes

Levels and vault maps discovered:
D:1:      eino_arrival_tree_alley, layout_loops_corners, serial_shops, shop
D:2:      layout_loops_ring, basic_altar, nicolae_ecumenical_oubliette
D:3:      layout_loops_ring, grunt_ashenzari_visionary
          [grunt_ashenzari_visionary_shoals, grunt_ashenzari_visionary_spider],
          nemelex_diamond_rough_becter, hex_medium
D:4:      layout_rooms, mainiacjoe_overflow_alcove_4,
          kennysheep_generic_room_15, uniq_pikel, uniq_duvessa
D:5:      layout_layer_cave, grunt_qazlal_clouds, lemuel_doored_altar,
          grunt_temple_overflow_holy_war, minmay_temple_entry_water_ring,
          amcnicky_mini_rare_corridor_liquid, uniq_menkaure, uniq_eustachio
D:6:      layout_loops_ring, slow_altar_2, eat_drink_and_be_merry_uskayaw
D:7:      layout_rooms, tgw_sif, minmay_hollow_rounded_squares
D:8:      layout_rooms, erik_lair_island, enter_bailey_1
D:9:      layout_rooms, nicolae_overflow_crystal_walls, orc_david_3,
          minmay_increasing_density
D:10:     minmay_the_grid_net [minmay_the_grid_dragon_b,
          minmay_the_grid_small_cups, minmay_the_grid_plusring,
          minmay_the_grid_tree, minmay_the_grid_rooms,
          minmay_the_grid_prize_shrinking_boxes], layout_cave_pools,
          nzn_hepliaklqana_mist_gate, nicolae_ru_sacrificial_ziggurat,
          uniq_erica

Skill      XL: |  1  2  3  4  5  6  7  8  9 10 |
---------------+-------------------------------+-----
Shields        | 3 4 5 6 |  6.7
Fighting       | 3 4 5 6 |  6.6
Dodging        | 3 4 5 6 |  6.8
Unarmed Combat | 3 4 5 6 7 |  7.6
Throwing       | 1 2 3 4 5 6 |  6.5
Invocations    | 1 2 4 6 |  6.3

Action                   |  1- 3 |  4- 6 |  7- 9 | 10-12 || total
-------------------------+-------+-------+-------+-------++-------
Melee: Unarmed           |   124 |    98 |   259 |   467 ||   948
Throw: Stone             |     1 |     1 |       |    14 ||    16
       Dart              |       |     5 |     7 |    12 ||    24
       Throwing net      |       |       |     1 |     3 ||     4
       Boomerang         |       |       |    13 |     6 ||    19
Invok: Draw Destruction  |       |       |     5 |     2 ||     7
       Draw Summoning    |       |       |       |     1 ||     1
Evoke: Wand              |       |       |     6 |    11 ||    17
  Use: Scroll            |       |     3 |     4 |     2 ||     9
       Potion            |       |       |     1 |       ||     1
 Stab: Paralysed         |       |       |       |    11 ||    11
       Held in net/web   |       |       |       |     5 ||     5
Armor: Robe              |    42 |    34 |    41 |   140 ||   257
Dodge: Dodged            |    46 |    31 |    90 |   255 ||   422
Block: Kite shield       |    45 |    44 |    97 |   259 ||   445

Table legend: (Time is in decaauts)
 A = Elapsed time spent in this place.
 B = Non-inter-level travel time spent in this place.
 C = Inter-level travel time spent in this place.
 D = Time resting spent in this place.
 E = Time spent auto-exploring this place.
 F = Levels seen in this place.
 G = Mean time per level.
                   A        B        C        D        E       F      G
               +--------+--------+--------+--------+--------+-----+--------+
         Total |  11426 |  11079 |    347 |   1550 |   6372 |  11 | 1038.7 |
       Dungeon |  10510 |  10163 |    347 |   1546 |   5996 |  10 | 1051.0 |
        Bailey |    915 |    915 |      0 |      4 |    376 |   1 |  915.0 |
               +--------+--------+--------+--------+--------+-----+--------+

Top non-repeatable levels by time:
     D:7: 1898 daAuts
     D:5: 1427 daAuts
     D:3: 1296 daAuts
     D:9: 1276 daAuts
     D:8: 1117 daAuts
  Bailey: 915 daAuts
     D:4: 852 daAuts
     D:6: 847 daAuts
     D:1: 827 daAuts
     D:2: 665 daAuts
    D:10: 302 daAuts
